 Dungeon Crawl Stone Soup version 0.31-a0-348-g810772c3d7 (webtiles) character file.

Game seed: 13844860876448163559

52 AdnanSaban the Shield-Bearer (level 3, -1/23 HPs)
             Began as a Gargoyle Fighter on July 23, 2023.
             Killed from afar by an orc wizard (8 damage)
             ... with a puff of flame
             ... on level 3 of the Dungeon.
             The game lasted 00:01:30 (1650 turns).

AdnanSaban the Shield-Bearer (Gargoyle Fighter)     Turns: 1650, Time: 00:01:31

Health: -1/23      AC: 12    Str: 21    XL:     3   Next: 85%
Magic:  3/3        EV:  9    Int:  8    God:
Gold:   168        SH:  0    Dex:  9    Spells: 2/2 levels left

rFire   . . .        a - +0 flail
rCold   . . .        c - +0 buckler
rNeg    + . .        b - +0 scale mail
rPois   ∞            (no helmet)
rElec   +            n - +0 cloak
rCorr   .            h - +0 pair of gloves
SInv    .            (no boots)
Will    .....        (no amulet) Stlth
                     (no ring)
HPRegen 0.23/turn    (no ring)
MPRegen 0.08/turn

%: no passive effects
@: confused
A: sickness immunity, AC +3, negative energy resistance 1, electricity
resistance, torment resistance 1, petrification resistance
a: no special abilities


You were on level 3 of the Dungeon.
You visited 1 branch of the dungeon, and saw 3 of its levels.

You collected 168 gold pieces.

Inventory:

Hand Weapons
 a - a +0 flail (weapon)
Armour
 b - a +0 scale mail (worn)
 c - a +0 buckler (worn)
 h - a +0 pair of gloves (worn)
 n - a +0 cloak (worn)
Scrolls
 g - a scroll of enchant armour {unknown}
 j - 2 scrolls of identify {unknown}
 k - a scroll of revelation {unknown}
 l - 2 scrolls of vulnerability {unknown}
 m - a scroll of teleportation {unknown}
 o - a scroll of noise {unknown}
 r - a scroll of immolation {unknown}
Potions
 d - 3 potions of might
 e - a potion of degeneration {unknown}
 f - a potion of curing {unknown}
 i - a potion of berserk rage {unknown}
 p - 2 potions of lignification {unknown}
 q - a potion of resistance {unknown}
 s - a potion of attraction {unknown}
 t - a potion of cancellation {unknown}


   Skills:
 + Level 3.6 Fighting
 + Level 2.7 Maces & Flails
 + Level 3.7 Armour
 + Level 0.2 Dodging
 + Level 3.9 Shields


You had 2 spell levels left.
You didn't know any spells.
Your spell library contained the following spells:

 Spells                   Type           Power      Damage    Failure   Level
 Static Discharge         Conj/Air       0%         2-2/arc   91%         2
 Ozocubu's Armour         Ice            0%         N/A       99%         3
 Airstrike                Air            0%         2d(0-16)  100%        4
 Summon Lightning Spire   Summ/Air       0%         N/A       100%        4
 Ozocubu's Refrigeration  Ice            0%         4d7       100%        7


Dungeon Overview and Level Annotations

Branches:
Dungeon (3/15)

Altars:
Hepliaklqana


Innate Abilities, Weirdness & Mutations

You are immune to sickness and miasma.
Your stone body is resilient. (AC +3)
You are immune to poison.
You resist negative energy. (rN+)
You are resistant to electric shocks. (rElec)
You are resistant to unholy torment.
You are immune to petrification.


Message History

The orc wizard hits you but does no damage.
You miss something.
The orc wizard hits you but does no damage.
The orc barely misses you. Something hits you but does no damage.
You closely miss the orc wizard.
The orc wizard is severely wounded.
The orc wizard casts a spell at you.
The puff of flame hits something!
The orc hits you but does no damage. x2
You hit the orc.
The orc is moderately wounded.
The orc hits you but does no damage. x2; Something hits you.
You completely miss the orc wizard.
The orc wizard is severely wounded.
The orc wizard hits you but does no damage.
The orc hits you but does no damage. x2; Something hits you.
You completely miss something. The orc wizard casts a spell at you.
You are more confused.
The orc closely misses you. Something hits you. The orc completely misses you.
You barely miss something. The orc wizard barely misses you.
The orc hits you with a +1 dagger of venom.
Something hits you. The orc barely misses you.
The orc hits you but does no damage.
The orc wizard hits you with a +0 dagger.
Something hits you but does no damage. The orc hits you but does no damage.
You miss something. The orc wizard closely misses you.
The orc hits you but does no damage. Something hits you but does no damage.
The orc hits you but does no damage.
You miss the orc wizard.
The orc wizard is severely wounded.
The orc wizard hits you but does no damage.
The orc hits you but does no damage. Something hits you.
* * * LOW HITPOINT WARNING * * *
The orc barely misses you.
You hear some strange, mumbled words.
Something tries to affect you, but you resist.
You're too confused to move!
The orc wizard casts a spell at you. The puff of flame hits you!
You die...

#.###.
#.....## #
#......## .##
#.......##..#
#..........
#......))#
#........+
#........#
#.....@..+
#...oo{o.#
#......#<#
#####..#.#
#.$#.# #..#.#
#..#.# #..#.#
#..#.#


You could see an orc wizard and 2 orcs.

Vanquished Creatures
  An adder (D:2)
  3 dart slugs
  5 ball pythons (D:1)
  3 endoplasms
  A hobgoblin (D:1)
  2 jackals (D:1)
  A quokka (D:1)
  2 frilled lizards (D:1)
  2 goblins
  10 kobolds
  10 rats
40 creatures vanquished.

Notes
Turn   | Place    | Note
-------+----------+-------------------------------------------
     0 | D:1      | AdnanSaban the Gargoyle Fighter began the quest for the
                  | Orb.
     0 | D:1      | Reached XP level 1. HP: 14/14 MP: 1/1
   132 | D:1      | Reached XP level 2. HP: 13/19 MP: 2/2
   506 | D:1      | Reached XP level 3. HP: 23/23 MP: 3/3
  1099 | D:2      | Found a hazy altar of Hepliaklqana.
  1119 | D:2      | Found a faded altar of an unknown god.
  1650 | D:3      | Killed from afar by an orc wizard

Illustrated notes

Levels and vault maps discovered:
D:1:      amcnicky_arrival_single_pillar, layout_basic
D:2:      layout_basic, dreamdust_ecumenical_altar_grove, basic_altar
D:3:      layout_basic, gammafunk_temple_overflow_claw, zin_statuary,
          nicolae_overflow_squiral, mainiacjoe_overflow_alcove_1,
          kennysheep_crisscross, kennysheep_generic_room_5, uniq_robin,
          uniq_sigmund, uniq_grinder

Action                     || total
---------------------------++-------
  Melee: Flail             ||   153
 Armour: Scale mail        ||   121
  Dodge: Dodged            ||    81
  Block: Buckler           ||    31

Table legend: (Time is in decaauts)
 A = Elapsed time spent in this place.
 B = Non-inter-level travel time spent in this place.
 C = Inter-level travel time spent in this place.
 D = Time resting spent in this place.
 E = Time spent auto-exploring this place.
 F = Levels seen in this place.
 G = Mean time per level.
                   A        B        C        D        E       F      G
               +--------+--------+--------+--------+--------+-----+--------+
         Total |   1698 |   1624 |     74 |      0 |   1264 |   3 |  566.0 |
       Dungeon |   1698 |   1624 |     74 |      0 |   1264 |   3 |  566.0 |
               +--------+--------+--------+--------+--------+-----+--------+

Top non-repeatable levels by time:
     D:1: 876 daAuts
     D:2: 746 daAuts
     D:3: 75 daAuts
